[Event "Team 45 45 League T83"]
[Site "Internet Chess Club"]
[Date "2020.01.16"]
[Round "3"]
[White "julesraider"]
[Black "Portola"]
[Result "0-1"]
[WhiteElo "1647"]
[BlackElo "1767"]
[Opening "Catalan: closed, 6...Nbd7"]
[ECO "E07"]
[Time "18:30:25"]
[TimeControl "2700+45"]

1. d4 d5 2. c4 e6 3. Nf3 Nf6 4. g3 Be7 5. Bg2 O-O 6. O-O Nbd7 7. Nc3 c6 8. b3 b6
9. Qc2 Bb7 10. cxd5 exd5 11. Bf4 Rc8 12. Rac1 Ba8 13. Qb2 Bb7 14. b4 Re8 15. a4
Nf8 16. Bh3 Ra8 17. Bg5 h6 18. Be3 Bd6 19. a5 Qe7 20. Rb1 Bc8 21. Bxc8 Rexc8 22.
Rfc1 Qe8 23. axb6 axb6 24. Ra1 Rxa1 25. Rxa1 Ra8 26. Rc1 b5 27. Ne1 N8d7 28. Nd3
Nb6 29. Bf4 Nc4 30. Qc2 Bf8 31. Nc5 Bxc5 32. dxc5 Qe6 33. Qd3 g5 34. Bd2 Ra3 35.
Qd4 Nxd2 36. Qxd2 Qe5 37. Nd1 d4 38. Qb2 Ra4 39. e3 Nd5 40. exd4 Qe1+ 41. Kg2
Rxb4 42. Qa3 Qe4+ 43. Kg1 Ra4 44. Nc3 Nxc3 45. Qxc3 Rc4 46. Re1 Qg6 47. Re8+ Kg7
48. Qa1 Qf6 49. Re4 Rxc5 50. f4 Rd5 51. fxg5 hxg5 52. Qc3 Rf5 53. Re2 Rf3 54.
Re3 Rf1+ 55. Kg2 Rf2+ 56. Kg1 Rf1+ 57. Kg2 Qf2+ 58. Kh3 g4+ 59. Kxg4 Qf5+ 60.
Kh4 Qh7+ 61. Kg4 f5+ 62. Kg5 Qh6# {White checkmated} 0-1

[Event "Team 45 45 League T83"]
[Site "Internet Chess Club"]
[Date "2020.01.16"]
[Round "3"]
[White "nosir"]
[Black "olivermx"]
[Result "1-0"]
[WhiteElo "1442"]
[BlackElo "1318"]
[Opening "Queen's pawn game, Rubinstein (Colle-Zukertort) variation"]
[ECO "D02"]
[Time "11:03:56"]
[TimeControl "2700+45"]

1. d4 d5 2. Nf3 e6 3. e3 c5 4. b3 Nf6 5. Bd3 Bd6 6. Bb2 O-O 7. O-O b6 8. Nbd2
Nbd7 9. Ne5 Bb7 10. Nxd7 Qxd7 11. Qf3 Qe7 12. Rad1 e5 13. dxe5 Bxe5 14. Bxe5
Qxe5 15. Rfe1 Qc7 16. e4 dxe4 17. Nxe4 Nxe4 18. Bxe4 Bxe4 19. Rxe4 Rfe8 20. Rde1
Rxe4 21. Qxe4 Rf8 22. g3 g6 23. c4 Qd7 24. a4 Rd8 25. Qe7 Qxe7 26. Rxe7 Ra8 27.
Kf1 Kg7 28. Ke2 Kf6 29. Rb7 g5 30. g4 h6 31. a5 bxa5 32. Rb5 Rc8 33. Rxa5 Rc7
34. Ra6+ Kg7 35. Kd2 Rd7+ 36. Kc3 Re7 37. Ra2 Kg6 38. b4 cxb4+ 39. Kxb4 Rb7+ 40.
Kc5 Rc7+ 41. Kd5 f6 42. c5 Rd7+ 43. Ke6 {Black resigns} 1-0

[Event "Team 45 45 League T83"]
[Site "Internet Chess Club"]
[Date "2020.01.15"]
[Round "3"]
[White "Kingofknights"]
[Black "mongmong"]
[Result "1-0"]
[WhiteElo "1590"]
[BlackElo "1466"]
[Opening "Nimzo-Indian: 4.e3 O-O, 5.Bd3 d5"]
[ECO "E48"]
[Time "18:01:14"]
[TimeControl "2700+45"]

1. d4 e6 2. c4 Nf6 3. Nc3 Bb4 4. e3 O-O 5. Bd3 d5 6. Ne2 b6 7. O-O Bb7 8. cxd5
exd5 9. a3 Bd6 10. Ng3 Re8 11. b4 a6 12. Bb2 Nbd7 13. Nf5 Bf8 14. Qf3 g6 15. Ng3
Bd6 16. Rfe1 c6 17. e4 Bxg3 18. Qxg3 dxe4 19. Nxe4 Nxe4 20. Bxe4 Nf6 21. Bf3 Nd5
22. h4 Qf6 23. h5 Qf4 24. hxg6 hxg6 25. Qxf4 Nxf4 26. Bc3 Nd5 27. Bb2 f6 28.
Rac1 Kf7 29. Bxd5+ cxd5 30. Rc7+ Kf8 31. Rxe8+ Rxe8 32. Rxb7 Re1+ 33. Kh2 Re2
34. Bc3 Rxf2 35. Rxb6 Kf7 36. Rxa6 Rc2 37. Be1 Rc1 38. Bg3 Rd1 39. b5 Rxd4 40.
b6 {Black resigns} 1-0

[Event "Team 45 45 League T83"]
[Site "Internet Chess Club"]
[Date "2020.01.20"]
[Round "3"]
[White "dabodhi"]
[Black "rkjulianjr"]
[Result "1-0"]
[WhiteElo "1321"]
[BlackElo "1312"]
[Opening "two knights: Max Lange attack"]
[ECO "C44"]
[Time "11:04:05"]
[TimeControl "2700+45"]

1. e4 e5 2. Nf3 Nc6 3. d4 exd4 4. Bc4 Bc5 5. O-O Nf6 6. e5 d5 7. exf6 dxc4 8.
Re1+ Be6 9. Ng5 Qxf6 10. Nxe6 fxe6 11. Qh5+ g6 12. Qxc5 Rf8 13. Re2 O-O-O 14.
Bg5 Rd5 15. Bxf6 Rxc5 16. Bh4 Ne5 17. Be7 d3 18. Rd2 Nf3+ 19. gxf3 Rff5 20. Bxc5
Rg5+ 21. Kf1 Rxc5 22. Nc3 Rf5 23. Re1 Rxf3 24. Re3 Rf5 25. cxd3 b5 26. dxc4 Rh5
27. Kg2 Rg5+ 28. Rg3 Rc5 29. cxb5 Rf5 30. Re3 Rg5+ 31. Kf1 Rh5 32. Rxe6 Rxh2 33.
Kg1 Rh5 34. Re8+ Kb7 35. a4 Rg5+ 36. Kf1 Rh5 37. a5 Rh1+ 38. Ke2 Rh5 39. Rdd8 c6
40. Re7# {Black checkmated} 1-0

[Event "Team 45 45 League T83"]
[Site "Internet Chess Club"]
[Date "2020.01.19"]
[Round "3"]
[White "Visin"]
[Black "CMAlge"]
[Result "0-1"]
[WhiteElo "1275"]
[BlackElo "1274"]
[Opening "Four knights: double Ruy Lopez"]
[ECO "C49"]
[Time "10:00:47"]
[TimeControl "2700+45"]

1. e4 e5 2. Nf3 Nc6 3. Bb5 Nf6 4. Nc3 Bb4 5. d3 d6 6. h3 O-O 7. Bg5 Bxc3+ 8.
bxc3 h6 9. Bh4 a6 10. Ba4 b5 11. Bb3 Qe7 12. O-O Be6 13. Nh2 g5 14. Bg3 Rad8 15.
Qe2 Rfe8 16. a4 b4 17. cxb4 Nd4 18. Qd1 Bxb3 19. cxb3 Qe6 20. Rb1 Rb8 21. Nf3
Rxb4 22. Nxd4 Rxd4 23. f3 Rb4 24. Be1 Rb7 25. b4 Reb8 26. Bc3 d5 27. Qc2 d4 28.
Bd2 Nh5 29. Kf2 Qe7 30. Qc4 a5 31. b5 Ra8 32. Qc6 Rb6 33. Qxa8+ Kg7 34. Qxa5 Qf6
35. Qb4 Nf4 36. Bxf4 gxf4 37. Rbc1 Qh4+ 38. Kg1 Rg6 39. Qe1 Qxh3 40. Rc2 Rg5 41.
Kf2 Qxg2# {White checkmated} 0-1

[Event "Team 45 45 League T83"]
[Site "Internet Chess Club"]
[Date "2020.01.20"]
[Round "3"]
[White "seldredg"]
[Black "Just-Jim"]
[Result "0-1"]
[WhiteElo "1283"]
[BlackElo "1263"]
[Opening "Queen's pawn game"]
[ECO "D02"]
[Time "13:30:22"]
[TimeControl "2700+45"]

1. d4 d5 2. Nf3 h6 3. e3 a6 4. Bd3 Nf6 5. b3 e6 6. O-O Bb4 7. Bb2 O-O 8. a3 Bd6
9. Nbd2 c6 10. Qe2 Re8 11. Ne5 Bxe5 12. dxe5 Nfd7 13. f4 c5 14. c4 dxc4 15. Nxc4
Rf8 16. Rad1 Qe7 17. Bb1 Nc6 18. Qd3 g6 19. Rf3 b5 20. Nd6 Nb6 21. Nxc8 Raxc8
22. Qe2 Na5 23. Bc2 c4 24. bxc4 Naxc4 25. Be4 Nxb2 26. Qxb2 Nc4 27. Qb4 Qxb4 28.
axb4 a5 29. bxa5 Nxa5 30. Rb1 Rc5 31. Rf2 Rfc8 32. Ra2 Rc1+ 33. Rxc1 Rxc1+ 34.
Kf2 Nc4 35. Ra8+ Kg7 36. Rb8 Nd2 37. Bd3 Nb3 38. Rxb5 Nc5 39. Bb1 Na4 40. Bd3
Nc3 41. Rb7 Rd1 42. Bc2 Rd2+ 43. Kf3 Rxc2 44. Rc7 Rc1 45. g3 h5 46. e4 Rf1+ 47.
Ke3 Rc1 48. Kd2 Rh1 49. Rxc3 Rxh2+ 50. Ke3 Rh3 51. Kf2 Rh2+ 52. Kf3 h4 53. gxh4
Rh3+ 54. Kg4 Rxc3 55. f5 gxf5+ 56. exf5 Rc4+ 57. Kg5 exf5 58. h5 f4 59. h6+ Kh7
60. Kf6 f3 61. Kxf7 f2 62. Ke7 Kxh6 63. e6 f1=Q 64. Ke8 Re4 65. e7 Qb5+ 66. Kf7
Qd7 67. Kf8 Qxe7+ 68. Kg8 Rg4+ 69. Kh8 Qg7# {White checkmated} 0-1

[Event "Team 45 45 League T83"]
[Site "Internet Chess Club"]
[Date "2020.01.19"]
[Round "3"]
[White "chesskix"]
[Black "sdcohle"]
[Result "1-0"]
[WhiteElo "1312"]
[BlackElo "1367"]
[Opening "English opening: Agincourt variation"]
[ECO "A13"]
[Time "21:01:22"]
[TimeControl "2700+45"]

1. Nf3 d5 2. c4 e6 3. cxd5 exd5 4. g3 Nf6 5. Bg2 Be7 6. O-O O-O 7. d3 b6 8. b3
Bb7 9. Bb2 c5 10. Nbd2 d4 11. Nc4 Nc6 12. Nfe5 Qc7 13. Nxc6 Bxc6 14. Bxc6 Qxc6
15. Ne5 Qc7 16. Nf3 Nd5 17. Rc1 Qd7 18. Kg2 Rfe8 19. Re1 Bd6 20. Qd2 Re7 21. e4
dxe3 22. fxe3 Rae8 23. e4 Nb4 24. a3 Nc6 25. Qg5 Be5 26. Nxe5 Nxe5 27. Rcd1 h6
28. Qf5 Qxf5 29. exf5 Nc6 30. Rxe7 Rxe7 31. Rd2 f6 32. g4 Na5 33. b4 cxb4 34.
axb4 Nc6 35. b5 Na5 36. Kf3 Rd7 37. Ke3 Rd5 38. Rc2 Rd7 39. Rc8+ Kf7 40. Ba3 Nb7
41. Rf8# {Black checkmated} 1-0

[Event "Team 45 45 League T83"]
[Site "Internet Chess Club"]
[Date "2020.01.19"]
[Round "3"]
[White "PsyMar"]
[Black "kingsrook"]
[Result "1-0"]
[WhiteElo "1195"]
[BlackElo "1228"]
[Opening "Sicilian: closed"]
[ECO "B23"]
[Time "11:57:32"]
[TimeControl "2700+45"]

1. Nc3 c5 2. e4 e6 3. Bc4 Nf6 4. d3 d5 5. Bb5+ Nc6 6. exd5 exd5 7. d4 c4 8. Nf3
a6 9. Bxc6+ bxc6 10. O-O Be7 11. Ne5 Qc7 12. Bf4 O-O 13. Ng6 Bd6 14. Bxd6 Qxd6
15. Nxf8 Qxf8 16. Re1 Bd7 17. Na4 Ne4 18. f3 Qb4 19. fxe4 Qxa4 20. b3 cxb3 21.
axb3 Qb5 22. Qf3 Be6 23. Rf1 h6 24. exd5 cxd5 25. Rae1 Qb7 26. c4 Rb8 27. cxd5
Bxd5 28. Qf5 Bxg2 29. Qxf7+ Qxf7 30. Rxf7 Kxf7 31. Kxg2 Rxb3 32. Ra1 Rb6 33. Kf3
Ke6 34. Ke4 Rd6 35. Rg1 Rd7 36. Rg6+ Kf7 37. Rxa6 Re7+ 38. Kd5 Rd7+ 39. Rd6 Re7
40. Kc6 Re6 41. Rxe6 Kxe6 42. d5+ Ke7 43. Kc7 Ke8 44. d6 {Black resigns} 1-0

[Event "Team 45 45 League T83"]
[Site "Internet Chess Club"]
[Date "2020.01.17"]
[Round "3"]
[White "NineteenHockey"]
[Black "gregorgg"]
[Result "0-1"]
[WhiteElo "1080"]
[BlackElo "1210"]
[Opening "Sicilian"]
[ECO "B50"]
[Time "15:04:54"]
[TimeControl "2700+45"]

1. e4 c5 2. Nf3 d6 3. Nc3 Nf6 4. d3 g6 5. Be2 Bg7 6. O-O O-O 7. e5 dxe5 8. Nxe5
Qd6 9. Nc4 Qd7 10. Re1 Nc6 11. Bf3 Nd4 12. Be3 Nxf3+ 13. Qxf3 Qc7 14. Na4 Bg4
15. Qg3 Qxg3 16. hxg3 b5 17. Nxc5 bxc4 18. dxc4 Rfe8 19. Bd4 Rad8 20. c3 Nd7 21.
Bxg7 Kxg7 22. Ne4 Rc8 23. Nd2 Nc5 24. Re3 Be6 25. f3 Nd7 26. b3 Rcd8 27. Rd1 Nc5
28. Re2 Rd3 29. Rc1 Red8 30. Rc2 h5 31. b4 Na4 32. Ne4 Bxc4 33. Rf2 f5 34. Nc5
Nxc5 35. bxc5 R8d5 36. Rfe2 Rd1+ 37. Kh2 Bxe2 {White resigns} 0-1